details: 'generic'

« prev index next »

General information

Mini Map

Players

team 1
Humantager-czar(li) (pink | 52 APM | 994 actions | 19:03)
Hero icon 4 Paladin
Ability icon 2 Holy Light
Ability icon 1 Divine Shield
Ability icon 1 Devotion Aura
Hero icon 4 Mountain King
Ability icon 1 Thunder Clap
Ability icon 2 Storm Bolt
Ability icon 1 Bash

» actions
Assign group hotkey11
Basic commands139
Build / train65
Enter build submenu21
Enter hero's abilities submenu8
Give item / drop item5
Right click349
Select / deselect300
Select group hotkey1
Use ability95
994 total
» units
Peasant9
Footman11
Priest5
Rifleman6
Spell Breaker6
Knight4
41 total
» upgrades
Magic Sentry1
Priest Training2
Plating1
4 total
» buildings
Altar of Kings1
Farm9
Barracks1
Keep1
Scout Tower1
Arcane Tower1
Arcane Sanctum1
Arcane Vault1
Blacksmith1
Castle1
Lumber Mill1
Town Hall1
20 total
» build order
00:11 Altar of Kings
00:19 Farm
00:24 Barracks
00:45 Farm
01:57 Farm
03:15 Keep
03:20 Farm
03:24 Scout Tower
05:20 Arcane Tower
05:31 Farm
06:06 Arcane Sanctum
06:21 Farm
06:41 Arcane Vault
08:23 Blacksmith
08:44 Farm
11:20 Castle
12:20 Farm
14:05 Lumber Mill
14:29 Farm
18:14 Town Hall
» items
Potion of Invisibility3
Staff of Teleportation1
Potion of Lesser Invulnerability2
Circlet of Nobility1
7 total
team 2
Undeadgleaso5 (purple | 49 APM | 929 actions | 19:05)
Hero icon 6 Crypt Lord
Ability icon 3 Carrion Beetles
Ability icon 2 Spiked Carapace
Ability icon 1 Locust Swarm
Hero icon 3 Death Knight
Ability icon 2 Death Coil
Ability icon 1 Unholy Aura

» actions
Assign group hotkey22
Basic commands1
Build / train60
Enter build submenu17
Enter hero's abilities submenu9
Give item / drop item2
Right click371
Select / deselect208
Select group hotkey201
Use ability37
929 total
» units
Acolyte9
Ghoul6
Crypt Fiend10
Obsidian Statue1
Abomination4
Necromancer6
36 total
» upgrades
Creature Attack1
Web1
Necromancer Training2
Unholy Strength2
Unholy Armor2
Skeletal Mastery1
9 total
» buildings
Ziggurat7
Altar of Darkness1
Crypt2
Graveyard1
Tomb of Relics1
Halls of the Dead1
Black Citadel1
Slaughterhouse1
Temple of the Damned1
16 total
» build order
00:04 Ziggurat
00:05 Altar of Darkness
00:11 Crypt
00:58 Ziggurat
01:47 Graveyard
02:42 Ziggurat
02:56 Tomb of Relics
03:48 Halls of the Dead
04:51 Crypt
06:05 Ziggurat
08:34 Black Citadel
08:54 Slaughterhouse
08:57 Temple of the Damned
10:23 Ziggurat
13:00 Ziggurat
14:30 Ziggurat
» items
Rod of Necromancy1
Scroll of Town Portal1
2 total